 Dungeon Crawl Stone Soup version 0.31.0-11-ge490571c62 (webtiles) character file.

Game seed: 15055738280166379659

65 qw the Shooter (level 3, -10/18 HPs)
             Began as a Spriggan Hunter on Feb 3, 2024.
             Was an Initiate of Okawaru.
             Blown up by Ijyb (17 damage)
             ... with a mindburst bolt
             ... on level 3 of the Dungeon.
             The game lasted 00:00:10 (2675 turns).

qw the Shooter (Spriggan Hunter)                    Turns: 2675, Time: 00:00:11

Health: -10/18     AC:  3    Str:  7    XL:     3   Next: 94%
Magic:  4/4        EV: 19    Int: 10    God:    Okawaru [......]
Gold:   127        SH:  0    Dex: 20    Spells: 2/2 levels left

rFire   . . .        a - +2 shortbow
rCold   . . .        (shield currently unavailable)
rNeg    . . .        c - +0 robe
rPois   .            (helmet restricted)
rElec   .            r - +0 cloak
rCorr   .            (gloves unavailable)
SInv    +            (boots unavailable)
Will    .....        p - amulet of the acrobat
Stlth   ++           (no ring)
HPRegen 0.23/turn    (no ring)
MPRegen 0.09/turn

%: acrobat
@: very quick
A: very small, no large weapons, unfitting armour, see invisible, speed 3
a: Renounce Religion


You were on level 3 of the Dungeon.
You worshipped Okawaru.
Okawaru was noncommittal.
You visited 1 branch of the dungeon, and saw 4 of its levels.

You collected 127 gold pieces.


Innate Abilities, Weirdness & Mutations

You are very small and have problems with some larger weapons.
You are too small for most types of armour.
You have supernaturally acute eyesight. (SInv)
You cover ground extremely quickly. (Speed+++)


   Skills:
 - Level 1.5 Fighting
 - Level 5.0 Ranged Weapons
 + Level 4.2 Dodging
 - Level 1.5 Stealth


You had 2 spell levels left.
You didn't know any spells.
Your spell library was empty.

Inventory:

Hand Weapons
 a - a +2 shortbow (weapon)
Armour
 b - the scarf "Foivomui" {harm, rC+}
   (You acquired it on level 1 of the Dungeon)

   rC+:       It protects you from cold.
 c - a +0 robe (worn)
 r - a +0 cloak (worn)
Jewellery
 p - an amulet of the acrobat (around neck)
Wands
 f - a wand of polymorph (6)
Potions
 d - a potion of might
 e - a potion of heal wounds {unknown}
 g - a potion of attraction {unknown}
 h - a potion of lignification {unknown}
 i - a potion of mutation {unknown}
 s - a potion of enlightenment {unknown}

Dungeon Overview and Level Annotations

Branches:
Dungeon (4/15)
 Temple: D:4-7

Altars:
Gozag
Okawaru

Annotations:
D:3 Ijyb


Message History

Enter note:
Enter note:
Enter note:
Enter note:
Enter note:
Enter note:
Enter note:
Enter note:
Enter note:
Enter note:
Enter note:
Enter note:
Enter note:
Enter note: You start resting.
HP restored.
You climb downwards.
Level annotation: Ijyb
There is a stone staircase leading up here.
You shoot an arrow. The arrow hits Ijyb.
Ijyb is lightly wounded.
You shoot an arrow. The arrow closely misses Ijyb.
You shoot an arrow. The arrow hits Ijyb.
Ijyb is moderately wounded.
You shoot an arrow. The arrow barely misses Ijyb.
A ball python comes into view.
Ijyb hits you with a +0 club.
2672 ||| STAIRDANCE Ijyb barely misses you.
You climb upwards.
There is a stone staircase leading down here.
You shoot an arrow. The arrow hits Ijyb but does no damage.
Ijyb is moderately wounded.
Ijyb zaps a wand.
Your mind is blasted!
Ouch! That really hurt!
You shoot an arrow. The arrow hits Ijyb!
Ijyb is severely wounded.
Ijyb zaps a wand.
Your mind is blasted!
Ouch! That really hurt!
You die...

#.#............# #.....# ###..
#.=.....######## ###(### ##..##
###.##### #.# #?###. #.#
######### #.# ####.#
###.####.......# #.# ###.
#..............#####.### ##.##
#....##........##......# #.#..
#....##........##.##.#.# #####
#....##.......@##.##.#.# ###.
#.##.##.......g##.#..#.# #..#
#..............##.#.##.# ###.
#...........##.##.#.##.# ##
#.##.##..#..##.##......# ###.
#.##.##.....##.####.#### #..#
#.##.....#.###.# #.# ###.
#.##.##..#.###.# #.# #####
###)##.##.......)####.#######(#).


You could see Ijyb.

Vanquished Creatures
  A gnoll (D:2)
  An adder (D:2)
  A dart slug (D:1)
  2 orcs (D:3)
  4 ball pythons
  6 endoplasms
  2 giant cockroaches
  6 goblins
  4 hobgoblins
  4 bats
  2 frilled lizards
  4 kobolds
  4 rats
41 creatures vanquished.

Notes
Turn   | Place    | Note
-------+----------+-------------------------------------------
     0 | D:1      | qw the Spriggan Hunter began the quest for the Orb.
     0 | D:1      | Reached XP level 1. HP: 10/10 MP: 2/2
     0 | D:1      | 0 ||| qw: Version: 0.3-a-157-g843a77d
     0 | D:1      | 0 ||| qw: Game counter: 3966
     0 | D:1      | 0 ||| qw: Melee chars always use a shield: true
     0 | D:1      | 0 ||| qw: God list: Okawaru
     0 | D:1      | 0 ||| qw: Allow faded altars: false
     0 | D:1      | 0 ||| qw: Do Orc after clearing Dungeon:15 true
     0 | D:1      | 0 ||| qw: Do second Lair branch before Depths: true
     0 | D:1      | 0 ||| qw: Lair rune preference: random
     0 | D:1      | 0 ||| qw: Goals: Normal
     0 | D:1      | 0 ||| PLANNING D:1-11
    29 | D:1      | Reached skill level 3 in Dodging
   172 | D:1      | Reached XP level 2. HP: 14/14 MP: 3/3
   659 | D:1      | 659 ||| READING scroll labelled HUMNOG JUMEUF.
   660 | D:1      | 660 ||| READING scroll labelled ORGHOD UNNU.
   660 | D:1      | 660 ||| IDENTIFYING bubbling pink potion
   661 | D:1      | 661 ||| READING scroll labelled HOEREO OTUDECS.
   662 | D:1      | 662 ||| DROPPING scroll of butterflies.
   663 | D:1      | 663 ||| DROPPING potion of degeneration.
   729 | D:2      | Found an opulent altar of Gozag.
   825 | D:2      | 825 ||| RETREEEEATING.
   827 | D:2      | 827 ||| FLEEEEING.
   828 | D:2      | 828 ||| FLEEEEING.
   829 | D:2      | 829 ||| FLEEEEING.
   830 | D:2      | 830 ||| FLEEEEING.
   832 | D:2      | 832 ||| FLEEEEING.
   833 | D:2      | 833 ||| FLEEEEING.
   834 | D:2      | 834 ||| FLEEEEING.
   835 | D:2      | 835 ||| FLEEEEING.
   836 | D:2      | 836 ||| FLEEEEING.
   837 | D:2      | 837 ||| FLEEEEING.
   838 | D:2      | 838 ||| FLEEEEING.
   839 | D:2      | 839 ||| FLEEEEING.
   840 | D:2      | 840 ||| FLEEEEING.
   841 | D:2      | 841 ||| FLEEEEING.
   842 | D:2      | 842 ||| FLEEEEING.
   846 | D:2      | 846 ||| FLEEEEING.
   847 | D:2      | 847 ||| FLEEEEING.
   848 | D:2      | 848 ||| FLEEEEING.
   850 | D:2      | 850 ||| FLEEEEING.
   851 | D:2      | 851 ||| FLEEEEING.
   852 | D:2      | 852 ||| FLEEEEING.
   854 | D:2      | 854 ||| FLEEEEING.
   855 | D:2      | 855 ||| FLEEEEING.
   856 | D:2      | 856 ||| STAIRDANCE
   872 | D:1      | 872 ||| READING scroll labelled QIEDAUL ZUADO.
   872 | D:1      | Identified a scroll of acquirement
   872 | D:1      | 872 ||| ACQUIRING scarf "Foivomui" {harm, rC+}
   872 | D:1      | Acquired the scarf "Foivomui" {harm, rC+}
   986 | D:2      | Reached XP level 3. HP: 18/18 MP: 4/4
  1562 | D:2      | 1562 ||| READING 3 scrolls labelled EKIACIA ASHROE.
  1563 | D:2      | 1563 ||| READING 2 scrolls labelled TEEJOJ OXARYGU.
  1563 | D:2      | 1563 ||| ENCHANTING +0 shortbow.
  1564 | D:2      | 1564 ||| READING scroll of enchant weapon.
  1564 | D:2      | 1564 ||| ENCHANTING +1 shortbow.
  1565 | D:2      | 1565 ||| DROPPING 2 scrolls of amnesia.
  1588 | D:3      | Found an iron altar of Okawaru.
  1589 | D:3      | 1589 ||| PLANNING OKAWARU WORSHIP
  1594 | D:3      | Became a worshipper of Warmaster Okawaru
  1595 | D:3      | 1595 ||| PLANNING D:1-11
  1794 | D:3      | Identified the +1 short sword of Pyquttem {speed, rElec
                  | Will++}
  1870 | D:3      | Reached skill level 5 in Ranged Weapons
  2229 | D:3      | 2229 ||| UPGRADING to +0 cloak.
  2234 | D:3      | 2234 ||| UPGRADING to amulet of the acrobat.
  2239 | D:3      | 2239 ||| DROPPING ring of wizardry.
  2240 | D:3      | 2240 ||| READING scroll of identify.
  2240 | D:3      | 2240 ||| IDENTIFYING fizzy coppery potion
  2241 | D:3      | 2241 ||| READING 3 scrolls labelled TAD USYMUL.
  2342 | D:3      | 2342 ||| READING scroll labelled GISCHE SISAAQASH.
  2345 | D:3      | 2345 ||| READING scroll labelled GAFONAGR SUPP.
  2346 | D:3      | 2346 ||| READING scroll labelled FYTEPIHINU.
  2447 | D:3      | 2447 ||| DRINKING 2 smoky golden potions.
  2448 | D:3      | 2448 ||| FLEEEEING.
  2449 | D:3      | 2449 ||| FLEEEEING.
  2450 | D:3      | 2450 ||| FLEEEEING.
  2451 | D:3      | 2451 ||| FLEEEEING.
  2452 | D:3      | 2452 ||| FLEEEEING.
  2453 | D:3      | 2453 ||| FLEEEEING.
  2454 | D:3      | 2454 ||| FLEEEEING.
  2455 | D:3      | 2455 ||| FLEEEEING.
  2456 | D:3      | 2456 ||| FLEEEEING.
  2457 | D:3      | 2457 ||| FLEEEEING.
  2458 | D:3      | 2458 ||| FLEEEEING.
  2459 | D:3      | 2459 ||| FLEEEEING.
  2460 | D:3      | 2460 ||| FLEEEEING.
  2461 | D:3      | 2461 ||| FLEEEEING.
  2462 | D:3      | 2462 ||| FLEEEEING.
  2463 | D:3      | 2463 ||| FLEEEEING.
  2464 | D:3      | 2464 ||| FLEEEEING.
  2465 | D:3      | 2465 ||| FLEEEEING.
  2466 | D:3      | 2466 ||| FLEEEEING.
  2467 | D:3      | 2467 ||| FLEEEEING.
  2468 | D:3      | 2468 ||| FLEEEEING.
  2469 | D:3      | 2469 ||| FLEEEEING.
  2470 | D:3      | 2470 ||| STAIRDANCE
  2472 | D:2      | 2472 ||| FLEEEEING.
  2473 | D:2      | 2473 ||| FLEEEEING.
  2474 | D:2      | 2474 ||| FLEEEEING.
  2475 | D:2      | 2475 ||| FLEEEEING.
  2476 | D:2      | 2476 ||| FLEEEEING.
  2477 | D:2      | 2477 ||| FLEEEEING.
  2478 | D:2      | 2478 ||| FLEEEEING.
  2479 | D:2      | 2479 ||| FLEEEEING.
  2480 | D:2      | 2480 ||| FLEEEEING.
  2481 | D:2      | 2481 ||| FLEEEEING.
  2482 | D:2      | 2482 ||| FLEEEEING.
  2483 | D:2      | 2483 ||| FLEEEEING.
  2484 | D:2      | 2484 ||| FLEEEEING.
  2485 | D:2      | 2485 ||| FLEEEEING.
  2486 | D:2      | 2486 ||| FLEEEEING.
  2487 | D:2      | 2487 ||| FLEEEEING.
  2488 | D:2      | 2488 ||| FLEEEEING.
  2489 | D:2      | 2489 ||| FLEEEEING.
  2490 | D:2      | 2490 ||| FLEEEEING.
  2491 | D:2      | 2491 ||| FLEEEEING.
  2492 | D:2      | 2492 ||| STAIRDANCE
  2594 | D:1      | 2594 ||| DROPPING 2 scrolls of vulnerability.
  2595 | D:1      | 2595 ||| DROPPING potion of berserk rage.
  2656 | D:4      | Noticed Ijyb
  2658 | D:4      | 2658 ||| FLEEEEING.
  2659 | D:4      | 2659 ||| STAIRDANCE
  2672 | D:4      | 2672 ||| STAIRDANCE
  2675 | D:3      | Blown up by Ijyb

Levels and vault maps discovered:
D:1:      lemuel_arrival_broad_hall, layout_loops_ring, minmay_pentomino_r2
D:2:      layout_loops_corners, basic_altar, minmay_circle_x
D:3:      layout_loops_cross, okawaru_ov_weapons_minmay,
          minmay_increasing_density
D:4:      layout_loops_corners, nicolae_overflow_hidden_temple,
          ebering_ghost_reflecting_pool, hangedman_abyss_or_decor_passed,
          uniq_ijyb, uniq_eustachio, uniq_grinder

Skill      XL: |  1  2  3 |
---------------+----------+-----
Dodging        | 3 4 |  4.2
Ranged Weapons | 5 |  5.0
Fighting       | |  1.5
Stealth        | |  1.5

Action                     || total
---------------------------++-------
   Fire: Shortbow          ||   101
    Use: Scroll            ||    12
         Potion            ||     1
 Armour: Robe              ||     6
  Dodge: Dodged            ||    18

Table legend:
 A = Non-vault XP
 B = Vault XP
 C = Vault XP percentage of total XP
 D = Non-vault monster count
 E = Vault monster count
 F = Vault count percentage of total count
                 A         B        C        D         E       F
            +---------+---------+-------+---------+---------+-------
      Total |      74 |      20 |  21.3 |      29 |      12 |  29.3
            +---------+---------+-------+---------+---------+-------
        D:1 |      13 |       4 |  23.5 |       7 |       2 |  22.2
        D:2 |      50 |       5 |   9.1 |      16 |       4 |  20.0
        D:3 |      11 |      11 |  50.0 |       6 |       6 |  50.0
            +---------+---------+-------+---------+---------+-------
